[gd_scene load_steps=24 format=2]

[ext_resource path="res://network_view.tscn" type="PackedScene" id=1]
[ext_resource path="res://textures/panelheader.png" type="Texture" id=2]
[ext_resource path="res://materials/window.material" type="Material" id=3]
[ext_resource path="res://background.jpg" type="Texture" id=5]
[ext_resource path="res://fonts/IbmPlexMonoBoldItalic.otf" type="DynamicFontData" id=8]
[ext_resource path="res://fonts/IbmPlexMonoItalic.otf" type="DynamicFontData" id=9]
[ext_resource path="res://fonts/IbmPlexMono.otf" type="DynamicFontData" id=10]
[ext_resource path="res://fonts/InconsolataRegular.ttf" type="DynamicFontData" id=11]
[ext_resource path="res://fonts/InconsolataBold.ttf" type="DynamicFontData" id=12]
[ext_resource path="res://fonts/IbmPlexMonoBold.otf" type="DynamicFontData" id=13]
[ext_resource path="res://scripts/terminal.gd" type="Script" id=14]
[ext_resource path="res://scripts/network_view_window.gd" type="Script" id=15]
[ext_resource path="res://scripts/inbuilt_commands/mv.gd" type="Script" id=16]
[ext_resource path="res://scripts/network.gd" type="Script" id=17]
[ext_resource path="res://scripts/gateway.gd" type="Script" id=18]

[sub_resource type="DynamicFont" id=1]
size = 12
font_data = ExtResource( 10 )

[sub_resource type="DynamicFont" id=2]
size = 12
font_data = ExtResource( 8 )

[sub_resource type="DynamicFont" id=3]
size = 12
font_data = ExtResource( 9 )

[sub_resource type="DynamicFont" id=4]
size = 10
font_data = ExtResource( 13 )

[sub_resource type="DynamicFontData" id=5]
font_path = "res://fonts/IbmPlexMono.otf"

[sub_resource type="DynamicFont" id=6]
size = 14
use_filter = true
font_data = SubResource( 5 )

[sub_resource type="DynamicFont" id=7]
font_data = ExtResource( 12 )

[sub_resource type="DynamicFont" id=8]
font_data = ExtResource( 11 )

[node name="Gateway" type="Node2D"]
script = ExtResource( 18 )

[node name="X11" type="TextureRect" parent="."]
anchor_right = 1.0
anchor_bottom = 1.0
margin_right = 1400.0
margin_bottom = 900.0
texture = ExtResource( 5 )
expand = true
__meta__ = {
"_edit_use_anchors_": false
}

[node name="VBoxContainer" type="VBoxContainer" parent="X11"]
anchor_right = 1.0
anchor_bottom = 1.0
margin_left = 2.0
margin_top = 2.0
margin_right = -2.0
margin_bottom = -2.0
rect_min_size = Vector2( 900, 480 )
size_flags_horizontal = 3
size_flags_vertical = 3
custom_constants/separation = 0
__meta__ = {
"_edit_use_anchors_": false
}

[node name="TopBar" type="Panel" parent="X11/VBoxContainer"]
visible = false
margin_right = 1400.0
margin_bottom = 32.0
rect_min_size = Vector2( 0, 32 )
size_flags_horizontal = 3
size_flags_vertical = 0

[node name="HBoxContainer" type="HBoxContainer" parent="X11/VBoxContainer"]
margin_right = 1396.0
margin_bottom = 896.0
size_flags_horizontal = 3
size_flags_vertical = 3
custom_constants/separation = 4

[node name="VBoxContainer" type="VBoxContainer" parent="X11/VBoxContainer/HBoxContainer"]
margin_right = 350.0
margin_bottom = 896.0

[node name="Terminal window" type="NinePatchRect" parent="X11/VBoxContainer/HBoxContainer/VBoxContainer"]
material = ExtResource( 3 )
margin_right = 350.0
margin_bottom = 896.0
rect_min_size = Vector2( 350, 0 )
size_flags_horizontal = 3
size_flags_vertical = 3
texture = ExtResource( 2 )
region_rect = Rect2( 0, 0, 64, 64 )
patch_margin_left = 2
patch_margin_top = 16
patch_margin_right = 2
patch_margin_bottom = 2

[node name="Title" type="RichTextLabel" parent="X11/VBoxContainer/HBoxContainer/VBoxContainer/Terminal window"]
margin_left = 2.0
margin_right = 252.0
margin_bottom = 17.0
custom_fonts/mono_font = SubResource( 1 )
custom_fonts/bold_italics_font = SubResource( 2 )
custom_fonts/italics_font = SubResource( 3 )
custom_fonts/bold_font = SubResource( 4 )
custom_fonts/normal_font = SubResource( 6 )
bbcode_enabled = true
bbcode_text = "[b]//TERMINAL[/b]"
text = "//TERMINAL"
scroll_active = false
__meta__ = {
"_edit_use_anchors_": false
}

[node name="Terminal" type="RichTextLabel" parent="X11/VBoxContainer/HBoxContainer/VBoxContainer/Terminal window"]
anchor_left = 1.0
anchor_right = 1.0
anchor_bottom = 1.0
margin_left = -347.0
margin_top = 878.0
margin_right = -3.0
margin_bottom = -3.0
grow_vertical = 0
size_flags_vertical = 0
custom_fonts/bold_font = SubResource( 7 )
custom_fonts/normal_font = SubResource( 8 )
bbcode_enabled = true
bbcode_text = "[gateway /]$"
text = "[gateway /]$"
fit_content_height = true
scroll_active = false
script = ExtResource( 14 )
__meta__ = {
"_edit_use_anchors_": false
}

[node name="InbuiltCommands" type="Node" parent="X11/VBoxContainer/HBoxContainer/VBoxContainer/Terminal window/Terminal"]

[node name="mv" type="Node" parent="X11/VBoxContainer/HBoxContainer/VBoxContainer/Terminal window/Terminal/InbuiltCommands"]
script = ExtResource( 16 )

[node name="Trace" type="NinePatchRect" parent="X11/VBoxContainer/HBoxContainer/VBoxContainer"]
visible = false
margin_top = 804.0
margin_right = 350.0
margin_bottom = 900.0
rect_min_size = Vector2( 256, 96 )
size_flags_horizontal = 3
size_flags_vertical = 0
texture = ExtResource( 2 )
region_rect = Rect2( 0, 0, 64, 64 )
patch_margin_left = 2
patch_margin_top = 16
patch_margin_right = 2
patch_margin_bottom = 2

[node name="Title" type="RichTextLabel" parent="X11/VBoxContainer/HBoxContainer/VBoxContainer/Trace"]
margin_left = 2.0
margin_top = -1.0
margin_right = 252.0
margin_bottom = 16.0
custom_fonts/mono_font = SubResource( 1 )
custom_fonts/bold_italics_font = SubResource( 2 )
custom_fonts/italics_font = SubResource( 3 )
custom_fonts/bold_font = SubResource( 4 )
custom_fonts/normal_font = SubResource( 6 )
bbcode_enabled = true
bbcode_text = "[b]TRACE[/b]"
text = "TRACE"
scroll_active = false
__meta__ = {
"_edit_use_anchors_": false
}

[node name="Network view window" type="NinePatchRect" parent="X11/VBoxContainer/HBoxContainer"]
material = ExtResource( 3 )
margin_left = 354.0
margin_right = 1192.0
margin_bottom = 896.0
rect_min_size = Vector2( 350, 0 )
rect_clip_content = true
size_flags_horizontal = 3
size_flags_vertical = 3
texture = ExtResource( 2 )
region_rect = Rect2( 0, 0, 64, 64 )
patch_margin_left = 2
patch_margin_top = 16
patch_margin_right = 2
patch_margin_bottom = 2
script = ExtResource( 15 )

[node name="Title" type="RichTextLabel" parent="X11/VBoxContainer/HBoxContainer/Network view window"]
margin_left = 2.0
margin_right = 832.0
margin_bottom = 17.0
size_flags_vertical = 0
custom_fonts/mono_font = SubResource( 1 )
custom_fonts/bold_italics_font = SubResource( 2 )
custom_fonts/italics_font = SubResource( 3 )
custom_fonts/bold_font = SubResource( 4 )
custom_fonts/normal_font = SubResource( 6 )
bbcode_enabled = true
bbcode_text = "[b]//NETWORK_VIEW[/b]"
text = "//NETWORK_VIEW"
fit_content_height = true
scroll_active = false
__meta__ = {
"_edit_use_anchors_": false
}

[node name="NetworkViewCamera" parent="X11/VBoxContainer/HBoxContainer/Network view window" instance=ExtResource( 1 )]
position = Vector2( 2, 16 )

[node name="Memory window" type="NinePatchRect" parent="X11/VBoxContainer/HBoxContainer"]
material = ExtResource( 3 )
margin_left = 1196.0
margin_right = 1396.0
margin_bottom = 896.0
rect_min_size = Vector2( 200, 0 )
rect_clip_content = true
size_flags_horizontal = 0
size_flags_vertical = 3
texture = ExtResource( 2 )
region_rect = Rect2( 0, 0, 64, 64 )
patch_margin_left = 2
patch_margin_top = 16
patch_margin_right = 2
patch_margin_bottom = 2

[node name="Title" type="RichTextLabel" parent="X11/VBoxContainer/HBoxContainer/Memory window"]
margin_left = 2.0
margin_right = 252.0
margin_bottom = 17.0
custom_fonts/mono_font = SubResource( 1 )
custom_fonts/bold_italics_font = SubResource( 2 )
custom_fonts/italics_font = SubResource( 3 )
custom_fonts/bold_font = SubResource( 4 )
custom_fonts/normal_font = SubResource( 6 )
bbcode_enabled = true
bbcode_text = "[b]//MEMORY[/b]"
text = "//MEMORY"
scroll_active = false
__meta__ = {
"_edit_use_anchors_": false
}

[node name="Network" type="Node" parent="."]
script = ExtResource( 17 )
__meta__ = {
"_editor_description_": "Network we're currently connected to."
}
nodes_map_path = NodePath("../X11/VBoxContainer/HBoxContainer/Network view window/NetworkViewCamera/NodesMap")
links_map_path = NodePath("../X11/VBoxContainer/HBoxContainer/Network view window/NetworkViewCamera/LinksMap")
network_view_window_path = NodePath("../X11/VBoxContainer/HBoxContainer/Network view window")
network_view_camera_path = NodePath("../X11/VBoxContainer/HBoxContainer/Network view window/NetworkViewCamera")
runner_marker_path = NodePath("../X11/VBoxContainer/HBoxContainer/Network view window/NetworkViewCamera/RunnerMarker")
